 Dungeon Crawl Stone Soup version 0.22.1-2-g9c5b331383 (webtiles) character file.

303785 Peloso the Hoplite (level 20, -12/170 HPs)
             Began as a Minotaur Fighter on Dec 24, 2018.
             Was the Champion of Okawaru.
             Killed from afar by a balrug (15 damage)
             ... with a bolt of fire
             ... on level 3 of the Abyss on Dec 25, 2018.
             The game lasted 02:29:37 (49319 turns).

Peloso the Hoplite (Minotaur Fighter)              Turns: 49319, Time: 02:29:38

Health: -12/170    AC: 31    Str: 27    XL:     20   Next: 24%
Magic:  19/19      EV: 15    Int:  2    God:    Okawaru [******]
Gold:   1532       SH: 21    Dex: 18    Spells: 19/19 levels left

rFire    + . .     SeeInvis +   I - +10 zealot's sword {holy, *Rage rN+ EV+3}
rCold    . . .     Gourm    .   c - +2 shield {reflect}
rNeg     + + .     Faith    +   i - +4 plate armour of the Vestibule of Hell {rPois rF+}
rPois    +         Spirit   .   R - +1 hat {SInv}
rElec    .         Reflect  +   j - +2 ratskin cloak {+Rats rPois rN+ Str-1 Int-1 Dex+1}
rCorr    .         Harm     .   e - +0 pair of gloves {Dex+3}
MR       +....     Rnd*Rage +   r - +1 pair of boots {Fly}
Stlth    ..........             n - amulet of faith
HPRegen  0.38/turn              o - +1 ring of slaying
MPRegen  0.16/turn              H - +2 ring of strength

@: flying
A: retaliatory headbutt, horns 2, dopey 1, frail 1, low mp 1
}: 2/15 runes: decaying, serpentine
a: Heroism, Finesse, Renounce Religion, Evoke Ratskin, Stop Flying


You were on level 3 of the Abyss.
You worshipped Okawaru.
Okawaru was exalted by your worship.
You were not hungry.

You visited 7 branches of the dungeon, and saw 35 of its levels.
You visited the Abyss 3 times.
You also visited: Labyrinth, Ossuary and Bailey.

You collected 4406 gold pieces.
You spent 2874 gold pieces at shops.

Inventory:

Hand Weapons
 a - the +3 falchion "Trog's Vengeance" {venom, rElec Str+5 Int-5}
   (Okawaru gifted it to you on level 4 of the Snake Pit)

   It poisons the flesh of those it strikes.
   It affects your strength (+5).
   It affects your intelligence (-5).
   It insulates you from electricity.
 b - a +1 demon blade of protection
 m - a +2 scimitar of flaming
 I - the +10 zealot's sword (weapon) {holy, *Rage rN+ EV+3}
   (Okawaru gifted it to you on level 3 of the Abyss)

   It has been blessed by the Shining One to cause great damage to the undead
   and demons.
   It affects your evasion (+3).
   It protects you from negative energy.
   It may make you go berserk in combat.
 L - a +0 long sword of holy wrath
 M - the +7 scimitar of Ejaunwon {slice, Int+4}
   (Okawaru gifted it to you on level 4 of the Abyss)

   It inflicts extra damage upon your enemies.
   It affects your intelligence (+4).
 U - a +5 eudemon blade of holy wrath
Armour
 c - a +2 shield of reflection (worn)
 e - a +0 pair of gloves of dexterity (worn)
 i - the +4 plate armour of the Vestibule of Hell (worn) {rPois rF+}
   (Okawaru gifted it to you on level 10 of the Dungeon)

   It protects you from fire.
   It protects you from poison.
 j - the +2 ratskin cloak (worn) {+Rats rPois rN+ Str-1 Int-1 Dex+1}
   (You bought it in a shop on level 1 of the Elven Halls)

   It affects your strength (-1).
   It affects your intelligence (-1).
   It affects your dexterity (+1).
   It protects you from poison.
   It protects you from negative energy.
 r - a +1 pair of boots of flying (worn)
 B - a +1 crystal plate armour
 N - a +1 cloak of poison resistance
 R - a +1 hat of see invisible (worn)
 S - a +2 shield of protection
 X - the +0 pair of boots of Purpose {rC+}
   (You found it on level 6 of the Lair of Beasts)

   It protects you from cold.
Jewellery
 n - an amulet of faith (around neck)
 o - a +1 ring of slaying (left hand)
 D - an uncursed ring of protection from cold
 E - an uncursed ring of magical power
 H - a +2 ring of strength (right hand)
 Q - a +3 amulet of reflection
 T - a +4 ring of strength
Wands
 u - a wand of clouds (5)
 v - a wand of digging (20)
 x - a wand of flame (17)
 C - a wand of polymorph (19)
 G - a wand of disintegration (10)
 J - a wand of iceblast (3)
Scrolls
 g - 2 scrolls of enchant armour
 h - 11 scrolls of remove curse
 k - 2 scrolls of noise
 y - 4 scrolls of identify
 z - 4 scrolls of magic mapping
 K - 6 scrolls of blinking
 V - a scroll of fog
Potions
 d - 5 potions of might
 p - 7 potions of flight
 q - 2 potions of invisibility
 s - 3 potions of curing
 w - 10 potions of haste
 A - 4 potions of agility
 F - 3 potions of mutation
 P - 2 potions of resistance
Comestibles
 f - 64 rations


   Skills:
 + Level 18.3 Fighting
 + Level 19.6 Long Blades
   Level 4.4(5.6) Axes
   Level 5.1(5.9) Polearms
 + Level 18.0 Armour
 + Level 5.2 Dodging
 + Level 2.8 Stealth
 + Level 24.7 Shields
 + Level 3.6 Invocations
 + Level 1.3 Evocations


You had 19 spell levels left.
You didn't know any spells.
Your spell library contained the following spells:

 Spells                   Type           Power        Failure   Level  Hunger
 Animate Skeleton         Necr           N/A          98%         1    ##.....
 Confusing Touch          Hex            #.....       98%         1    ##.....
 Freeze                   Ice            #...         98%         1    ##.....
 Pain                     Necr           #...         98%         1    ##.....
 Sandblast                Erth           #.....       98%         1    ##.....
 Shock                    Conj/Air       #...         98%         1    ##.....
 Corpse Rot               Necr           N/A          99%         2    ###....
 Passwall                 Tmut/Erth      #.......     99%         2    ###....
 Poisonous Vapours        Pois/Air       #.....       99%         2    ###....
 Swiftness                Chrm/Air       #.......     99%         2    ###....
 Throw Frost              Conj/Ice       #.....       99%         2    ###....
 Confuse                  Hex            #.......     100%        3    ####...
 Gell's Gravitas          Tloc           #.........   100%        3    ####...
 Mephitic Cloud           Conj/Pois/Air  #.......     100%        3    ####...
 Ozocubu's Armour         Chrm/Ice       #.......     100%        3    ####...
 Regeneration             Chrm/Necr      #.........   100%        3    ####...
 Static Discharge         Conj/Air       #.......     100%        3    ####...
 Stone Arrow              Conj/Erth      #.....       100%        3    ####...
 Vampiric Draining        Necr           #.........   100%        3    ####...
 Airstrike                Air            #.........   100%        4    #####..
 Animate Dead             Necr           N/A          100%        4    #####..
 Ice Form                 Ice/Tmut       #.......     100%        4    #####..
 Leda's Liquefaction      Hex/Erth       #.........   100%        4    #####..
 Passage of Golubria      Tloc           N/A          100%        4    #####..
 Petrify                  Tmut/Erth      #.......     100%        4    #####..
 Summon Ice Beast         Ice/Summ       #.......     100%        4    #####..
 Throw Icicle             Conj/Ice       #.......     100%        4    #####..
 Agony                    Necr           #.......     100%        5    ######.
 Irradiate                Conj/Tmut      #.........   100%        5    ######.
 Lee's Rapid Deconstruct  Erth           #.........   100%        5    ######.
 Lightning Bolt           Conj/Air       #.........   100%        5    ######.
 Metabolic Englaciation   Hex/Ice        #.........   100%        5    ######.
 Summon Forest            Summ/Tloc      #.........   100%        5    ######.
 Yara's Violent Unravell  Hex/Tmut       #.........   100%        5    ######.
 Bolt of Cold             Conj/Ice       #.........   100%        6    #######
 Darkness                 Hex            #.........   100%        6    #######
 Freezing Cloud           Conj/Ice/Air   #.........   100%        6    #######
 Hydra Form               Tmut           #.........   100%        6    #######
 Invisibility             Hex            #.......     100%        6    #######
 Iron Shot                Conj/Erth      #.........   100%        6    #######
 Ozocubu's Refrigeration  Ice            #.........   100%        6    #######
 Simulacrum               Ice/Necr       #.........   100%        6    #######
 Statue Form              Tmut/Erth      #........    100%        6    #######
 Dragon Form              Tmut           #.........   100%        7    #######
 Summon Hydra             Summ           #.........   100%        7    #######


Dungeon Overview and Level Annotations

Branches:
Dungeon (15/15)            Temple (1/1) D:5            Lair (6/6) D:8
  Swamp (4/4) Lair:3        Snake (4/4) Lair:3        Slime (0/5) Lair:6
    Orc (2/2) D:11            Elf (3/3) Orc:2        Vaults (0/5) D:14
 Depths (0/5) D:15

Altars:
Cheibriados
Dithmenos
Fedhas
Gozag
Hepliaklqana
Kikubaaqudgha
Makhleb
Nemelex Xobeh
Okawaru
Qazlal
Ru
Sif Muna
Trog
Uskayaw
Vehumet
Wu Jian
Xom
Yredelemnul
Zin
Beogh

Shops:
D:6 }   Orc:1 :   Orc:2 ?(::   Elf:1 [=?   Snake:1 }==   Snake:3 }}[[

Annotations:
D:12 2 transporters, Ihlosi's ghost, adept HuGl
Lair:1 exclusion: 3 oklob plants


Innate Abilities, Weirdness & Mutations

You reflexively headbutt those who attack you in melee.
You have a pair of horns on your head.
You are dopey. (Int -2)
You are frail. (-10% HP)
Your magical capacity is low. (-10% MP)


Message History

Okawaru accepts your kill.
Unknown command.
The balrug gestures at you. Something smites you!
* * * LOW HITPOINT WARNING * * *
The balrug gestures at you. Something smites you!
* * * LOW HITPOINT WARNING * * *
Unknown command.
You slice the balrug!!
The balrug convulses.
The balrug is moderately wounded.
The balrug gestures at you. Something smites you!
* * * LOW HITPOINT WARNING * * *
Unknown command.
You slice the balrug!!
The balrug convulses!
The balrug is almost dead.
The balrug gestures at you. The bolt of fire hits you! You resist.
You die...

≈≈≈≈≈ ≈≈≈≈ #..≈
##..≈ ≈# . #....
≈≈≈# ..... ≈≈≈ .
#2## ≈.# ..#@##
#.## ≈
####.#.)##...#..≈
#..#..#........#
#...#.)..#..# #.
#.#..###.#
#.####...# .# ..
. ...### .. . #
##.#..# .#. # #
...## ### #. . .


You could see a balrug.

Vanquished Creatures
  the Lernaean hydra (Swamp:4)
  2 bone dragons (Abyss:3)
  6 deep elf blademasters
  Frances (D:13)
  A deep elf master archer (Elf:3)
  The ghost of Peloso the Hoplite, an adept MiFi of Okawaru (Snake:4)
  An Executioner (Abyss:3)
  4 thorn hunters
  Roxanne (Swamp:4)
  Kirke (Swamp:2)
  A daeva (Abyss:3)
  9 nagarajas
  6 deep elf sorcerers
  3 deep elf elementalists
  2 ophanim (Abyss:4)
  A reaper (Abyss:3)
  6 deep elf annihilators (Elf:3)
  3 deep elf demonologists
  A minotaur (Lab)
  2 ettins
  Snorg (D:12)
  2 deep elf high priests
  Erolcha (Orc:2)
  24 hydras
  A great orb of eyes (Abyss:3)
  4 vault guards (D:14)
  Fannar (D:12)
  An ice dragon (Lair:2)
  11 anacondas
  18 naga warriors
  3 catoblepae (Lair:6)
  2 centaur warriors (D:14)
  12 alligators
  13 death yaks
  4 tengu warriors
  2 orc high priests
  3 ogre magi
  6 two-headed ogres
  25 dancing weapons
  4 thrashing horrors
  13 naga sharpshooters
  17 deep elf knights
  Sonja (Lair:4)
  3 wretched stars
  4 shock serpents
  Nergalle (Orc:2)
  A sun demon (Abyss:3)
  The ghost of bananovenc the Cleaver, a novice GrFi of Okawaru (D:9)
  10 large abominations
  5 skeletal warriors (D:12)
  A fire crab (Lair:6)
  A spectral anaconda (Snake:4)
  2 salamander mystics
  A shadow wraith (Abyss:4)
  9 swamp dragons
  A glowing orange brain (Abyss:4)
  A shambling mangrove (Swamp:1)
  5 naga ritualists
  A wizard (D:14)
  3 unseen horrors
  10 deep elf archers
  3 orc knights
  2 wolf spider zombies
  Pikel (D:8)
  43 deep elf magi
  A stone giant zombie (Abyss:4)
  A necromancer (Abyss:4)
  18 ugly things
  A mana viper (Snake:2)
  5 cyclopes
  10 orc sorcerers
  8 salamanders
  2 manticores (Lair:6)
  A centaur zombie (D:9)
  30 black mambas
  A smoke demon (Abyss:4)
  3 elephants (Lair:4)
  3 guardian serpents
  A spectral shock serpent (Snake:4)
  23 naga magi
  Maurice (D:12)
  An eye of devastation (Lair:6)
  15 spiny frogs
  2 kobold demonologists (D:12)
  A freezing wraith (D:15)
  An efreet (Abyss:3)
  7 komodo dragons
  4 ancient zymes
  2 rime drakes
  An ice devil (Abyss:3)
  A red devil (Abyss:3)
  A meliai (shapeshifter) (Elf:3)
  6 hornets
  A polar bear (Lair:3)
  8 tyrant leeches
  A queen bee (shapeshifter) (D:15)
  A tengu conjurer (D:12)
  3 trolls
  A troll (shapeshifter) (D:14)
  6 hippogriffs
  15 blink frogs
  24 slime creatures
  Grinder (D:3)
  7 raiju (Abyss:3)
  7 dream sheep (Lair:4)
  A spectral naga (Snake:4)
  15 bog bodies
  3 spectral black mambas (Snake:4)
  4 wyverns
  2 water elementals (Elf:1)
  5 flying skulls (Abyss:3)
  A redback (Lab)
  2 air elementals (Elf:2)
  19 starcursed masses
  A centaur simulacrum (D:9)
  5 spriggans
  3 fire elementals
  4 ynoxinuls
  43 yaks
  A vampire (Abyss:3)
  A shadow (D:14)
  A hog (Swamp:2)
  2 fire bats (Abyss:4)
  2 wraiths
  4 basilisks
  20 vampire mosquitoes
  3 neqoxecs
  4 hungry ghosts
  19 swamp worms
  Menkaure (D:6)
  2 wargs (Orc:2)
  37 nagas
  7 small abominations
  16 insubstantial wisps
  3 acid dragons
  A soldier ant (shapeshifter) (D:12)
  18 water moccasins
  7 porcupines
  A spectral hornet (D:9)
  6 sky beasts
  5 ice beasts
  29 orc warriors
  11 swamp drakes
  2 eyes of draining
  3 black bears
  2 necrophages
  2 phantoms
  A black mamba simulacrum (Snake:4)
  14 ogres
  4 boggarts (D:12)
  18 wolves
  18 centaurs
  2 big kobolds
  14 crocodiles
  Blork the orc (D:6)
  2 gnoll sergeants
  25 bullfrogs
  3 earth elementals (Elf:2)
  5 scorpions
  A hornet simulacrum (D:9)
  19 wights
  6 killer bees (D:11)
  4 electric eels
  4 howler monkeys
  10 crimson imps
  2 bullfrog zombies
  2 quasits
  11 orc priests
  4 bullfrog skeletons
  9 hounds
  3 jellies
  Crazy Yiuf (D:3)
  6 centaur skeletons
  5 iguanas
  12 worker ants
  28 orc wizards
  6 hell rats
  2 naga simulacra (Snake:4)
  A hound skeleton (D:8)
  A mummy (Ossuary)
  A worker ant zombie (D:9)
  18 adders
  15 gnolls
  9 river rats
  3 shadow imps
  2 adder skeletons
  5 worms
  3 dart slugs
  6 leopard geckos
  81 orcs
  8 giant cockroaches
  15 goblins
  5 hobgoblins
  7 jackals
  13 quokkas
  2 ball pythons
  13 bats
  4 frilled lizards
  10 gnoll skeletons (Ossuary)
  12 kobolds
  5 kobold skeletons (Ossuary)
  10 orc skeletons (Ossuary)
  A quokka zombie (D:5)
  29 rats
  2 briar patches (Swamp:4)
  A butterfly (Lair:1)
  A fungus (Lair:2)
  2 plants (Lair:5)
1402 creatures vanquished.

Vanquished Creatures (others)
  A deep elf master archer (Elf:1)
  A deep elf sorcerer (Elf:2)
  Nessos (D:15)
  2 naga sharpshooters
  A deep elf knight (Elf:2)
  A swamp dragon (Swamp:3)
  8 deep elf archers
  2 deep elf magi
  A cyclops (D:13)
  4 naga magi
  2 humans (Swamp:2)
  A naga (Snake:4)
  An orc warrior (Bailey)
  3 centaurs
  A spectral naga (Snake:4)
  5 orc wizards
  2 orcs
  A briar patch (Swamp:4)
  A bush (Swamp:4)
  A demonic plant (Abyss:4)
  17 fungi
  A lurking horror (Abyss:3)
  8 plants
66 creatures vanquished.

Grand Total: 1468 creatures vanquished

Notes
Turn   | Place    | Note
-------+----------+-------------------------------------------
     0 | D:1      | Peloso the Minotaur Fighter began the quest for the Orb.
     0 | D:1      | Reached XP level 1. HP: 19/19 MP: 0/0
   144 | D:1      | Reached XP level 2. HP: 14/27 MP: 1/1
   339 | D:1      | Reached skill level 4 in Shields
   459 | D:1      | Reached XP level 3. HP: 31/33 MP: 2/2
   980 | D:2      | Found a faded altar of an unknown god.
  1249 | D:2      | Reached XP level 4. HP: 41/41 MP: 3/3
  2016 | D:3      | Noticed Grinder
  2035 | D:3      | Killed Grinder
  2035 | D:3      | Reached skill level 5 in Long Blades
  2035 | D:3      | Reached skill level 5 in Shields
  2035 | D:3      | Reached XP level 5. HP: 27/47 MP: 4/4
  2035 | D:3      | Reached XP level 6. HP: 32/55 MP: 5/5
  2244 | D:3      | Reached skill level 5 in Armour
  2353 | D:3      | Found a runed door.
  2859 | D:3      | Noticed Crazy Yiuf
  2873 | D:3      | Killed Crazy Yiuf
  3183 | D:4      | Found a burning altar of Makhleb.
  3256 | D:4      | Reached skill level 5 in Fighting
  3304 | D:4      | Reached XP level 7. HP: 61/61 MP: 6/6
  3479 | D:4      | Found a sand-covered staircase.
  3483 | Ossuary  | Entered an ossuary
  3483 | Ossuary  | Noticed a wraith
  3483 | Ossuary  | Noticed a wraith
  3483 | Ossuary  | Noticed a wraith
  3752 | Ossuary  | Noticed a wraith
  3776 | Ossuary  | Killed a wraith
  3776 | Ossuary  | Reached skill level 6 in Shields
  4292 | D:5      | Entered Level 5 of the Dungeon
  4302 | D:5      | HP: 2/61 [ogre/giant spiked club (20)]
  4566 | D:5      | Reached XP level 8. HP: 69/69 MP: 7/7
  4571 | D:5      | Found a staircase to the Ecumenical Temple.
  4600 | Temple   | Entered the Ecumenical Temple
  4611 | Temple   | Became a worshipper of Warmaster Okawaru
  5380 | D:6      | Found Pameivoi's Gadget Boutique.
  5676 | D:6      | Noticed Blork the orc
  5689 | D:6      | Killed Blork the orc
  5701 | D:6      | Reached * piety under Okawaru
  5712 | D:6      | Noticed Menkaure
  6006 | D:6      | Killed Menkaure
  6269 | D:6      | Reached skill level 10 in Long Blades
  6269 | D:6      | Reached XP level 9. HP: 75/78 MP: 8/8
  6394 | D:7      | Reached skill level 7 in Shields
  6494 | D:7      | Reached ** piety under Okawaru
  6863 | D:8      | Noticed a two-headed ogre
  6870 | D:8      | Killed a two-headed ogre
  6870 | D:8      | Reached *** piety under Okawaru
  6870 | D:8      | Reached skill level 8 in Shields
  7257 | D:8      | Noticed a two-headed ogre
  7269 | D:8      | Killed a two-headed ogre
  7269 | D:8      | Reached **** piety under Okawaru
  7269 | D:8      | Reached XP level 10. HP: 77/88 MP: 9/9
  7309 | D:8      | Noticed Pikel
  7326 | D:8      | Killed Pikel
  7401 | D:8      | Found a sparkling altar of Nemelex Xobeh.
  7442 | D:8      | Noticed a two-headed ogre
  7460 | D:8      | Killed a two-headed ogre
  7460 | D:8      | Reached skill level 9 in Shields
  7685 | D:8      | Found a staircase to the Lair.
  7948 | D:9      | Found an opulent altar of Gozag.
  8043 | D:9      | Noticed a two-headed ogre
  8049 | D:9      | Reached skill level 1 in Invocations
  8059 | D:9      | Killed a two-headed ogre
  8059 | D:9      | Reached skill level 10 in Shields
  8166 | D:9      | Found a runed gate.
  8166 | D:9      | Found a runed gate.
  8168 | D:9      | Found a runed gate.
  8237 | D:9      | Reached ***** piety under Okawaru
  8292 | D:9      | Reached XP level 11. HP: 81/95 MP: 11/11
  8476 | D:9      | Found a snail-covered altar of Cheibriados.
  8486 | D:9      | Found a glowing silver altar of Zin.
  8693 | D:9      | Noticed bananovenc's ghost (novice GrFi)
  8706 | D:10     | Entered Level 10 of the Dungeon
  8719 | D:10     | Received a gift from Okawaru
  8750 | D:10     | Got a twisted plate armour {god gift}
  8756 | D:10     | Identified the +4 plate armour of the Vestibule of Hell
                  | {rPois rF+} (Okawaru gifted it to you on level 10 of the
                  | Dungeon)
  9029 | D:10     | Killed an unseen horror
  9504 | D:9      | Found a radiant altar of Vehumet.
  9504 | D:9      | Found a hide-covered altar of Uskayaw.
  9575 | D:11     | Reached skill level 11 in Shields
  9636 | D:11     | Killed an unseen horror
  9675 | D:11     | Found a staircase to the Orcish Mines.
 10088 | D:11     | Noticed a green ugly thing
 10102 | D:11     | Killed a green ugly thing
 10467 | D:12     | Noticed a six-headed hydra
 10469 | D:12     | Reached skill level 1 in Stealth
 10470 | D:12     | Noticed a tengu warrior
 10488 | D:12     | Killed a six-headed hydra
 10501 | D:12     | Killed a tengu warrior
 10501 | D:12     | Reached skill level 1 in Polearms
 10501 | D:12     | Reached skill level 10 in Armour
 10617 | D:12     | Found a transporter.
 10617 | D:12     | Noticed Ihlosi's ghost (adept HuGl)
 10618 | D:12     | Noticed a death knight
 10620 | D:12     | Noticed a necromancer
 10623 | D:12     | Noticed a skeletal warrior
 10944 | D:9      | Reached skill level 12 in Shields
 10960 | D:9      | Killed bananovenc's ghost
 10960 | D:9      | Reached skill level 1 in Dodging
 10965 | D:9      | Reached XP level 12. HP: 106/106 MP: 12/12
 11025 | D:12     | Found a transporter.
 11122 | D:12     | Noticed a six-headed hydra
 11130 | D:12     | Received a gift from Okawaru
 11144 | D:12     | Killed a seven-headed hydra
 11180 | D:12     | Noticed Fannar
 11218 | D:12     | Killed Fannar
 11218 | D:12     | Reached skill level 10 in Fighting
 11599 | D:12     | Reached skill level 13 in Shields
 11664 | D:12     | Noticed an eight-headed hydra
 11679 | D:12     | Killed an eight-headed hydra
 11856 | D:12     | Noticed Snorg
 11874 | D:12     | Killed Snorg
 12503 | D:12     | Noticed Maurice
 12510 | D:12     | Killed Maurice
 12657 | Lair:1   | Entered Level 1 of the Lair of Beasts
 12739 | Lair:1   | Noticed a five-headed hydra
 12763 | Lair:1   | Killed a five-headed hydra
 12763 | Lair:1   | Reached skill level 15 in Long Blades
 12763 | Lair:1   | Reached skill level 14 in Shields
 12995 | Lair:1   | Reached XP level 13. HP: 88/116 MP: 13/13
 13000 | Lair:1   | Received a gift from Okawaru
 14795 | Lair:3   | Found a staircase to the Swamp.
 15047 | Lair:3   | Reached skill level 15 in Shields
 15116 | Lair:3   | Found a staircase to the Snake Pit.
 15570 | Lair:4   | Received a gift from Okawaru
 15582 | Lair:4   | Got a smoking great sword {god gift}
 15970 | Lair:4   | Noticed Sonja
 15984 | Lair:4   | Killed Sonja
 16443 | Lair:4   | Reached skill level 16 in Shields
 16606 | Lair:5   | Found a labyrinth entrance.
 16612 | Lab      | Entered a labyrinth
 17240 | Lab      | Noticed a minotaur
 17242 | Lab      | Identified the Handbook of Evil Poison
 17243 | Lab      | Found the +4 moon troll leather armour {Spirit, Regen++
                  | MP+5}
 17256 | Lab      | Killed a minotaur
 17269 | Lab      | Got an encrusted plate armour
 17284 | Lab      | Identified the cursed +1 plate armour of Eternal Vigilance
                  | {rPois} (You took it off a minotaur in a labyrinth)
 17548 | Lair:5   | Got a fine rapier
 17549 | Lair:5   | Identified the cursed +1 rapier "Ommes" {venom, Dex+2} (You
                  | found it on level 5 of the Lair of Beasts)
 17650 | Lair:5   | Reached ****** piety under Okawaru
 17659 | Lair:5   | Received a gift from Okawaru
 17926 | Lair:5   | Reached XP level 14. HP: 109/125 MP: 14/14
 18164 | Lair:5   | Reached skill level 1 in Evocations
 18413 | Lair:6   | Entered Level 6 of the Lair of Beasts
 18889 | Lair:6   | Received a gift from Okawaru
 19192 | Lair:6   | Found a staircase to the Slime Pits.
 19457 | Lair:6   | Reached skill level 17 in Shields
 19590 | Lair:6   | Received a gift from Okawaru
 20595 | Lair:6   | Got a pair of brightly glowing boots
 20606 | Lair:6   | Identified the +0 pair of boots of Purpose {rC+} (You found
                  | it on level 6 of the Lair of Beasts)
 21234 | Swamp:1  | Entered Level 1 of the Swamp
 21421 | Swamp:1  | Found a deep blue altar of Sif Muna.
 21432 | Swamp:1  | Received a gift from Okawaru
 21961 | Swamp:1  | Identified 2 scrolls of acquirement
 22189 | Swamp:2  | Noticed Kirke
 22249 | Swamp:2  | Killed Kirke
 22249 | Swamp:2  | Reached XP level 15. HP: 134/134 MP: 13/15
 22306 | Swamp:2  | Noticed a thorn hunter
 22327 | Swamp:2  | Killed a thorn hunter
 22527 | Swamp:2  | Received a gift from Okawaru
 22765 | Swamp:2  | Reached skill level 18 in Shields
 23590 | D:13     | Found a basalt altar of Yredelemnul.
 24124 | D:13     | Noticed Frances
 24136 | D:13     | Killed Frances
 24481 | D:14     | Received a gift from Okawaru
 24790 | D:14     | Found a gate to the Vaults.
 24858 | D:14     | Reached skill level 19 in Shields
 25262 | D:14     | Reached skill level 5 in Polearms
 25457 | D:14     | Found a shadowy altar of Dithmenos.
 25570 | D:14     | Received a gift from Okawaru
 25588 | D:14     | Reached XP level 16. HP: 89/146 MP: 16/16
 25657 | D:15     | Entered Level 15 of the Dungeon
 26327 | D:15     | Reached skill level 15 in Armour
 26365 | D:15     | Noticed Nessos
 26372 | D:15     | Killed Nessos
 26496 | D:15     | Found a staircase to the Depths.
 27432 | Snake:1  | Entered Level 1 of the Snake Pit
 27747 | Snake:1  | Received a gift from Okawaru
 28107 | Snake:1  | Received a gift from Okawaru
 28205 | Snake:1  | Found a bloodstained altar of Trog.
 28397 | Snake:1  | Reached skill level 20 in Shields
 28428 | Snake:1  | Found Kecsim's Gadget Emporium.
 28428 | Snake:1  | Found Saerop's Jewellery Boutique.
 28429 | Snake:1  | Found Jiboeb's Jewellery Boutique.
 28965 | Snake:2  | Reached skill level 15 in Fighting
 29336 | Snake:3  | HP: 3/149 [salamander/enchanted halberd (7)]
 29561 | Snake:3  | Found Jiol's Antique Armour Emporium.
 29568 | Snake:3  | Found Caqingak's Armour Emporium.
 29568 | Snake:3  | Found Ixeuj's Gadget Shoppe.
 29575 | Snake:3  | Found Kunkyek's Gadget Shoppe.
 29587 | Snake:3  | Bought a shimmering plate armour for 784 gold pieces
 29613 | Snake:3  | Identified the cursed +1 plate armour "Netihiva" {rElec
                  | Int+8} (You bought it in a shop on level 3 of the Snake
                  | Pit)
 29617 | Snake:3  | Bought a pitted chain mail for 266 gold pieces
 29627 | Snake:3  | Identified the +0 chain mail "Kaulam" {rC+ Str-3 Stlth+}
                  | (You bought it in a shop on level 3 of the Snake Pit)
 29776 | Snake:3  | Received a gift from Okawaru
 30195 | Snake:3  | Reached XP level 17. HP: 133/156 MP: 18/18
 30506 | Snake:4  | Entered Level 4 of the Snake Pit
 30539 | Snake:4  | Found a runed gate.
 30539 | Snake:4  | Found a runed gate.
 30539 | Snake:4  | Found a runed gate.
 30539 | Snake:4  | Noticed Peloso's ghost (adept MiFi)
 31282 | Snake:4  | Reached skill level 21 in Shields
 31440 | Snake:4  | Received a gift from Okawaru
 32062 | Snake:4  | Got a pitted falchion {god gift}
 32063 | Snake:4  | Identified the +3 falchion "Trog's Vengeance" {venom, rElec
                  | Str+5 Int-5} (Okawaru gifted it to you on level 4 of the
                  | Snake Pit)
 33594 | Snake:4  | Received a gift from Okawaru
 34032 | Snake:4  | Got a translucent hat {god gift}
 34070 | Snake:4  | Identified the +1 hat of Intercession {Str+7 Dex+6 Slay-6}
                  | (Okawaru gifted it to you on level 4 of the Snake Pit)
 34183 | Snake:4  | Got a serpentine rune of Zot
 34381 | Snake:4  | Killed Peloso's ghost
 35345 | Swamp:3  | Reached skill level 1 in Axes
 36121 | Swamp:3  | Reached skill level 22 in Shields
 36507 | Swamp:4  | Entered Level 4 of the Swamp
 36770 | Swamp:4  | Reached XP level 18. HP: 54/166 MP: 19/19
 37383 | Swamp:4  | Received a gift from Okawaru
 37659 | Swamp:4  | Noticed the 27-headed Lernaean hydra
 37752 | Swamp:4  | Noticed Roxanne
 37785 | Swamp:4  | Killed Roxanne
 37786 | Swamp:4  | Identified Roxanne's Almanac of Clay (You took it off
                  | Roxanne on level 4 of the Swamp)
 38414 | Swamp:4  | Killed the 26-headed Lernaean hydra
 38424 | Swamp:4  | Got a decaying rune of Zot
 39223 | Orc:1    | Entered Level 1 of the Orcish Mines
 39234 | Orc:1    | Found Pyhawoum's Book Boutique.
 39267 | Orc:1    | Found a flagged portal.
 39287 | Bailey   | Entered a bailey
 39820 | Orc:1    | Found a roughly hewn altar of Beogh.
 40030 | Orc:1    | Found a shimmering altar of Xom.
 40252 | Orc:2    | Entered Level 2 of the Orcish Mines
 40375 | Orc:2    | Received a gift from Okawaru
 40598 | Orc:2    | Found Butadeasm's Book Emporium.
 40697 | Orc:2    | Found an ancient bone altar of Kikubaaqudgha.
 40698 | Orc:2    | Noticed Nergalle
 40710 | Orc:2    | Killed Nergalle
 40720 | Orc:2    | Found Veoskoe's Book Emporium.
 40730 | Orc:2    | Found a radiant altar of Vehumet.
 40730 | Orc:2    | Noticed Erolcha
 40742 | Orc:2    | Killed Erolcha
 40751 | Orc:2    | Found a roughly hewn altar of Beogh.
 40751 | Orc:2    | Found Eraety's Antique Weapon Emporium.
 40760 | Orc:2    | Paralysed by an orc sorcerer for 7 turns
 41224 | Orc:2    | Found Woqetih's Magic Scroll Shoppe.
 41243 | Orc:2    | Bought a scroll of teleportation for 48 gold pieces
 41243 | Orc:2    | Bought a scroll of magic mapping for 56 gold pieces
 41243 | Orc:2    | Bought a scroll of identify for 32 gold pieces
 41243 | Orc:2    | Bought a scroll of enchant armour for 120 gold pieces
 41450 | Orc:2    | Found a staircase to the Elven Halls.
 41778 | Elf:1    | Entered Level 1 of the Elven Halls
 41779 | Elf:1    | Lost intelligence.
 41886 | Elf:1    | Found a deep blue altar of Sif Muna.
 41913 | Elf:1    | Found Jeoz Piyfy's Magic Scroll Shop.
 41977 | Elf:1    | Reached skill level 23 in Shields
 41978 | Elf:1    | Found Yfeid's Jewellery Emporium.
 42110 | Elf:1    | Bought an uncursed amulet of faith for 520 gold pieces
 42124 | Elf:1    | Bought a scroll of magic mapping for 56 gold pieces
 42124 | Elf:1    | Bought a scroll of enchant armour for 120 gold pieces
 42124 | Elf:1    | Bought a scroll of blinking for 120 gold pieces
 42124 | Elf:1    | Bought a scroll of magic mapping for 56 gold pieces
 42261 | Elf:1    | Found Emishid's Armour Shop.
 42267 | Elf:1    | Found a huge runed gate.
 42269 | Elf:1    | Found a huge runed gate.
 42484 | Elf:1    | Bought the +2 ratskin cloak {+Rats rPois rN+ Str-1 Int-1
                  | Dex+1} for 417 gold pieces
 42484 | Elf:1    | Found the +2 ratskin cloak {+Rats rPois rN+ Str-1 Int-1
                  | Dex+1}
 42484 | Elf:1    | Bought a +1 pair of boots of flying for 247 gold pieces
 43209 | Elf:1    | Found a huge runed gate.
 43209 | Elf:1    | Found a huge runed gate.
 43215 | Elf:1    | Found a huge runed gate.
 43215 | Elf:1    | Found a huge runed gate.
 43215 | Elf:1    | Found a huge runed gate.
 43215 | Elf:1    | Found a huge runed gate.
 43215 | Elf:1    | Found a huge runed gate.
 43215 | Elf:1    | Found a huge runed gate.
 43216 | Elf:1    | Found a huge runed gate.
 43217 | Elf:1    | Found a huge runed gate.
 43218 | Elf:1    | Found a huge runed gate.
 43231 | Elf:1    | Found a huge runed gate.
 43231 | Elf:1    | Found a huge runed gate.
 43231 | Elf:1    | Found a huge runed gate.
 43231 | Elf:1    | Found a huge runed gate.
 43401 | Elf:1    | Noticed a Tzitzimitl
 43762 | Elf:1    | Bought a scroll of identify for 32 gold pieces
 44321 | Elf:1    | Received a gift from Okawaru
 44503 | Elf:1    | Reached XP level 19. HP: 82/177 MP: 20/20
 45353 | Elf:2    | Reached skill level 5 in Dodging
 45471 | Elf:2    | Found a huge runed gate.
 45474 | Elf:2    | Found a huge runed gate.
 45474 | Elf:2    | Found a huge runed gate.
 45476 | Elf:2    | Found a huge runed gate.
 45476 | Elf:2    | Found a huge runed gate.
 46109 | Elf:2    | Cast into level 3 of the Abyss (flail of distortion)
 46179 | Abyss:3  | Gained mutation: Your magical capacity is low. (-10% MP) [a
                  | neqoxec]
 46264 | Abyss:3  | Received a gift from Okawaru
 46265 | Abyss:3  | Found the +10 zealot's sword {holy, *Rage rN+ EV+3}
 46343 | Elf:2    | Escaped the Abyss
 46450 | Elf:2    | Reached skill level 24 in Shields
 47249 | Elf:3    | Entered Level 3 of the Elven Halls
 47564 | Elf:3    | Received a gift from Okawaru
 48279 | Elf:3    | Cast into level 4 of the Abyss (a deep elf sorcerer)
 48279 | Abyss:4  | Found a glowing golden altar of the Shining One.
 48435 | Abyss:4  | Received a gift from Okawaru
 48441 | Abyss:4  | Got a pitted scimitar {god gift}
 48576 | Abyss:4  | Paralysed by accursed screaming for 1 turns
 48583 | Abyss:4  | Gained mutation: You are frail. (-10% HP) [a neqoxec]
 48597 | Abyss:4  | Reached XP level 20. HP: 49/168 MP: 19/19
 48601 | Elf:3    | Escaped the Abyss
 48930 | Elf:3    | Identified the +7 scimitar of Ejaunwon {slice, Int+4}
                  | (Okawaru gifted it to you on level 4 of the Abyss)
 49074 | Elf:3    | Received a gift from Okawaru
 49075 | Elf:3    | Cast into level 3 of the Abyss (a deep elf sorcerer)
 49192 | Abyss:3  | Noticed a bone dragon
 49212 | Abyss:3  | Killed a bone dragon
 49214 | Abyss:3  | Noticed a bone dragon
 49223 | Abyss:3  | Gained mutation: You are dopey. (Int -2) [a neqoxec]
 49228 | Abyss:3  | HP: 6/169 [bone dragon (10)]
 49231 | Abyss:3  | Killed a bone dragon
 49255 | Abyss:3  | HP: 6/170 [raiju/living lightning (8)]
 49318 | Abyss:3  | HP: 3/170 [balrug/divine providence (8)]
 49319 | Abyss:3  | Killed from afar by a balrug

Skill      XL: |  1  2  3  4  5  6  7  8  9 10 11 12 13 14 15 16 17 18 19 20 |
---------------+-------------------------------------------------------------+-----
Armour         | 4 5 6 7 8 10 11 12 14 15 16 17 18 | 18.0
Shields        | 4 5 6 8 10 12 14 16 17 19 20 22 23 24 | 24.7
Fighting       | 4 5 6 8 9 11 12 14 15 16 17 18 | 18.3
Long Blades    | 3 5 6 7 10 12 13 14 15 16 17 18 19 | 19.6
Invocations    | 1 2 3 |  3.6
Stealth        | 1 2 |  2.8
Polearms       | 1 2 3 4 5 |  5.1
Dodging        | 1 2 3 4 5 |  5.2
Evocations     | 1 |  1.3
Axes           | 2 4 |  4.4

Action                   |  1- 3 |  4- 6 |  7- 9 | 10-12 | 13-15 | 16-18 | 19-21 || total
-------------------------+-------+-------+-------+-------+-------+-------+-------++-------
Melee: Long sword        |    92 |   143 |   319 |   373 |  1594 |   804 |       ||  3325
       Headbutt          |    15 |    27 |    83 |   187 |   495 |   685 |   231 ||  1723
       Falchion          |       |       |    73 |   356 |       |   460 |       ||   889
       Spear             |       |       |       |    44 |    78 |       |       ||   122
       Demon blade       |       |       |       |       |       |   826 |   292 ||  1118
       Hand axe          |       |       |       |       |       |   163 |       ||   163
       Eudemon blade     |       |       |       |       |       |       |   393 ||   393
Invok: Heroism           |       |       |       |    12 |     8 |    11 |     5 ||    36
       Finesse           |       |       |       |       |       |     2 |     1 ||     3
Evoke: Wand              |       |       |     3 |       |    13 |     7 |       ||    23
  Use: Scroll            |       |       |    12 |    10 |    11 |    14 |     7 ||    54
       Potion            |       |       |     1 |       |       |     8 |    10 ||    19
 Stab: Confused          |       |       |       |       |       |     1 |       ||     1
  Eat: Chunk             |     1 |     6 |    10 |    19 |    33 |    37 |    12 ||   118
       Ration            |       |       |     1 |       |     3 |     8 |     1 ||    13
Armor: Scale mail        |    44 |       |       |       |       |       |       ||    44
       Plate armour      |    25 |    78 |   178 |   354 |   611 |   824 |   238 ||  2308
       Skin              |       |       |       |       |       |     1 |       ||     1
Dodge: Dodged            |    27 |    20 |    48 |   163 |   295 |   449 |   197 ||  1199
Block: Shield            |    74 |    68 |   213 |   513 |  1413 |  2131 |   506 ||  4918
       Reflection        |       |       |     6 |    25 |    34 |   202 |    60 ||   327
       Rpst.: Long sword |     4 |     7 |    10 |    18 |    64 |    17 |       ||   120
       Falchion          |       |       |     2 |    19 |       |     7 |       ||    28
       Demon blade       |       |       |       |       |       |    36 |    15 ||    51
       Eudemon blade     |       |       |       |       |       |       |    22 ||    22
